 Dungeon Crawl Stone Soup version 0.25-a0-404-gc1b5a34292 (webtiles) character file.

Game seed: 259782811024768717, levelgen mode: deterministic

2958 MisterFreud the Fighter (level 10, -2/85 HPs)
             Began as a Formicid Abyssal Knight on Jan 12, 2020.
             Was an Elder of Lugonu.
             Slain by a warg (13 damage)
             ... on level 9 of the Dungeon.
             The game lasted 00:11:56 (6714 turns).

MisterFreud the Fighter (Formicid Abyssal Knight)   Turns: 6714, Time: 00:11:56

Health: -2/85      AC: 10    Str: 19    XL:     10   Next: 8%
Magic:  17/17      EV: 10    Int: 13    God:    Lugonu [****..]
Gold:   339        SH:  0    Dex: 10    Spells: 9/9 levels left

rFire    . . .     SeeInvis +   f - +0 war axe
rCold    . . .     Gourm    .   (no shield)
rNeg     + . .     Faith    .   q - +0 scale mail
rPois    .         Spirit   .   (helmet unavailable)
rElec    .         Reflect  .   h - +1 cloak
rCorr    .         Harm     .   (no gloves)
MR       +....                  (no boots)
Stlth    ..........             (no amulet)
HPRegen  0.24/turn              b - ring of see invisible
MPRegen  0.15/turn              i - ring of positive energy

@: no status effects
A: permanent stasis, dig shafts and tunnels, four strong arms, antennae 3
a: Dig, Shaft Self, Depart the Abyss, Bend Space, Banish, Corrupt, Renounce
Religion


You were on level 9 of the Dungeon.
You worshipped Lugonu.
Lugonu was greatly pleased with you.
You were not hungry.

You visited 2 branches of the dungeon, and saw 8 of its levels.
You visited the Abyss 1 time.

You collected 339 gold pieces.

Inventory:

Hand Weapons
 a - a +1 hand axe
 f - a +0 war axe (weapon)
 g - a +0 short sword of flaming
Missiles
 d - 186 stones (quivered)
 e - 7 curare-tipped darts
 j - 31 sling bullets
 l - 23 poisoned darts
 p - 3 boomerangs
 r - 42 arrows
 w - 6 atropa-tipped darts
Armour
 h - a +1 cloak (worn)
 q - a +0 scale mail (worn)
Jewellery
 b - a ring of see invisible (left hand)
 i - a ring of positive energy (right hand)
 o - an uncursed ring of protection from cold
 s - an uncursed ring of protection from cold
Scrolls
 t - a scroll of magic mapping
 v - a scroll of remove curse {unknown}
 y - 2 scrolls of enchant armour
 z - a scroll of immolation {unknown}
Potions
 k - a potion of flight
 m - 2 potions of brilliance
 n - a potion of resistance
 u - a potion of heal wounds
 x - a potion of ambrosia {unknown}
 B - a potion of agility
Comestibles
 c - 5 rations


   Skills:
 - Level 10.0 Fighting
 - Level 0.5 Short Blades
 + Level 9.8 Axes
 - Level 6.6 Armour
 - Level 1.1 Dodging
 - Level 9.7 Invocations


You had 9 spell levels left.
You didn't know any spells.
Your spell library was empty.

Dungeon Overview and Level Annotations

Branches:
Dungeon (6/15)             Temple (1/1) D:4

Altars:
Ashenzari
Fedhas
Makhleb
Nemelex Xobeh
Okawaru
Ru
Vehumet
Yredelemnul
Zin


Innate Abilities, Weirdness & Mutations

You cannot be hasted, slowed, berserked, paralysed or teleported.
You can dig through walls and to a lower floor.
Your four strong arms can wield two-handed weapons with a shield.
You have a pair of large antennae on your head. (SInv)


Message History

The warg closely misses you.
You hit the ogre.
The ogre is heavily wounded.
You slash the warg!
The ogre hits you with a +0 giant club!!
The warg bites you. The orc barely misses you.
You hit the ogre.
The ogre is heavily wounded.
Your scale mail prevents you from hitting the warg.
The warg barely misses you.
The ogre hits you with a +0 giant club!!
* * * LOW HITPOINT WARNING * * *
The orc closely misses you.
You slash the ogre!
You kill the ogre!
Lugonu accepts your kill.
You hit the warg but do no damage. The warg bites you.
* * * LOW HITPOINT WARNING * * *
The warg bites you!
You die...

## { .# ....# ## .
#....# ..#. #....#
#..# #....#
####.#g###....#.#
......oh##....#.#
#..##.#.@#....#.#
# ##........#
###......#
###)##...#
#...##...#
#...##...#
#...##...#
#...##...#
#........#######+#


You could see a warg, an orc and a hobgoblin.

Vanquished Creatures
  Pikel (D:6)
  Grinder (D:3)
  An ice beast (D:5)
  An ogre (D:9)
  2 centaurs
  A scorpion (D:5)
  A crimson imp (D:5)
  A howler monkey (D:5)
  4 hounds
  2 orc priests
  2 orc wizards
  Jessica (D:2)
  Robin (D:3)
  3 gnolls (D:4)
  9 adders
  An ooze (D:4)
  An adder zombie (D:5)
  2 dart slugs (D:2)
  2 worms
  2 leopard geckos
  14 orcs
  A ball python (D:1)
  A giant cockroach (D:3)
  16 goblins
  11 hobgoblins
  5 jackals (D:3)
  8 kobolds
  4 quokkas
  6 bats
  2 frilled lizards (D:3)
  A jackal skeleton (D:5)
  A leopard gecko skeleton (D:6)
  7 rats
  A spectral orc (D:3)
117 creatures vanquished.

Vanquished Creatures (others)
  2 orcs (D:6)
2 creatures vanquished.

Grand Total: 119 creatures vanquished

Notes
Turn   | Place    | Note
-------+----------+-------------------------------------------
     0 | Abyss:1  | MisterFreud the Formicid Abyssal Knight began the quest for
                  | the Orb.
     0 | Abyss:1  | Reached XP level 1. HP: 18/18 MP: 2/2
     8 | D:1      | Escaped the Abyss
   207 | D:1      | Reached XP level 2. HP: 24/25 MP: 3/3
   758 | D:1      | Reached XP level 3. HP: 30/30 MP: 4/4
  1065 | D:2      | Found a blossoming altar of Fedhas.
  1094 | D:2      | Found a sacrificial altar of Ru.
  1119 | D:2      | Reached skill level 4 in Fighting
  1205 | D:2      | Found a radiant altar of Vehumet.
  1205 | D:2      | Found a glowing silver altar of Zin.
  1253 | D:2      | Reached ** piety under Lugonu
  1310 | D:2      | Noticed Jessica
  1320 | D:2      | Killed Jessica
  1320 | D:2      | Reached skill level 1 in Dodging
  1320 | D:2      | Reached XP level 4. HP: 35/37 MP: 5/5
  1412 | D:2      | Found a shattered altar of Ashenzari.
  1839 | D:3      | Noticed Robin
  2030 | D:3      | Killed Robin
  2038 | D:3      | Reached XP level 5. HP: 6/43 MP: 6/6
  2415 | D:3      | Reached skill level 5 in Fighting
  2582 | D:3      | Found a basalt altar of Yredelemnul.
  2621 | D:3      | Noticed Grinder
  2622 | D:3      | Found a burning altar of Makhleb.
  2668 | D:3      | Killed Grinder
  2668 | D:3      | Reached skill level 6 in Fighting
  2668 | D:3      | Reached XP level 6. HP: 36/53 MP: 7/7
  2781 | D:3      | Reached *** piety under Lugonu
  3089 | D:4      | Found a staircase to the Ecumenical Temple.
  3125 | D:4      | Reached skill level 7 in Fighting
  3143 | D:4      | Reached XP level 7. HP: 32/60 MP: 8/8
  4265 | D:4      | Found a sparkling altar of Nemelex Xobeh.
  4492 | D:4      | Reached skill level 8 in Fighting
  4560 | D:5      | Entered Level 5 of the Dungeon
  4898 | Temple   | Entered the Ecumenical Temple
  5464 | D:5      | Reached XP level 8. HP: 63/68 MP: 11/11
  5733 | D:5      | Reached skill level 5 in Invocations
  5814 | D:6      | HP: 2/68 [centaur/arrow (5)]
  6398 | D:6      | Noticed Pikel
  6422 | D:6      | Killed Pikel
  6422 | D:6      | Reached skill level 5 in Axes
  6554 | D:6      | Reached XP level 9. HP: 37/74 MP: 14/14
  6581 | D:6      | Reached skill level 10 in Fighting
  6581 | D:6      | Reached XP level 10. HP: 45/85 MP: 14/17
  6600 | D:6      | Found an iron altar of Okawaru.
  6624 | D:6      | You fall into a shaft and drop 3 floors!
  6705 | D:9      | Reached **** piety under Lugonu
  6714 | D:9      | Slain by a warg

Levels and vault maps discovered:
D:1:      mushboom_english_gardens, layout_loops_ring
D:2:      layout_loops_ring, nicolae_overflow_quartered_altars, first_ration,
          minmay_tree_intersection, minmay_stone_trees_medium,
          nicolae_ru_the_path_less_chosen, uniq_jessica
D:3:      layout_loops_corners, yredelemnul_forgotten_temple_becter,
          overflow_temple_1_default, uniq_robin, uniq_grinder
D:4:      layout_rooms, minmay_temple_entry_large_hall, minivault_25,
          nemelex_dance_club_becter
D:5:      layout_basic
D:6:      layout_rooms, lemuel_doored_altar, uniq_pikel
D:9:      layout_stronghold, gammafunk_temple_overflow_pools, erik_orc_3,
          ebering_ghost_reflecting_pool
Temple:   minmay_temple_forest_path

Skill      XL: |  1  2  3  4  5  6  7  8  9 |
---------------+----------------------------+-----
Fighting       | 4 6 7 8 10 | 10.0
Dodging        | 1 |  1.1
Invocations    | 4 7 9 |  9.7
Axes           | 3 5 9 |  9.8
Armour         | 6 |  6.6
Short Blades   | |  0.5

Action                   |  1- 3 |  4- 6 |  7- 9 | 10-12 || total
-------------------------+-------+-------+-------+-------++-------
Melee: Hand axe          |    24 |       |       |       ||    24
       Short sword       |    67 |   181 |   131 |       ||   379
       War axe           |       |       |   125 |    23 ||   148
  Use: Potion            |       |     4 |     1 |       ||     5
       Scroll            |       |     3 |     6 |       ||     9
  Eat: Chunk             |     1 |     6 |     8 |     1 ||    16
       Ration            |       |       |     1 |       ||     1
Armor: Leather armour    |    17 |    76 |    24 |       ||   117
       Scale mail        |       |       |    97 |     7 ||   104
Dodge: Dodged            |    70 |   135 |   167 |    18 ||   390

Table legend:
 A = Non-vault XP
 B = Vault XP
 C = Vault XP percentage of total XP
 D = Non-vault monster count
 E = Vault monster count
 F = Vault count percentage of total count
                 A         B        C        D         E       F
            +---------+---------+-------+---------+---------+-------
      Total |    1061 |    1186 |  52.8 |      90 |      27 |  23.1
            +---------+---------+-------+---------+---------+-------
        D:1 |      30 |       0 |   0.0 |      18 |       0 |   0.0
        D:2 |      23 |      37 |  61.7 |      10 |       1 |   9.1
        D:3 |      81 |     281 |  77.6 |      25 |      15 |  37.5
        D:4 |     243 |      10 |   4.0 |      17 |       2 |  10.5
        D:5 |     491 |       0 |   0.0 |      11 |       0 |   0.0
        D:6 |     193 |     641 |  76.9 |       9 |       1 |  10.0
        D:9 |       0 |     217 | 100.0 |       0 |       8 | 100.0
            +---------+---------+-------+---------+---------+-------
